 Dungeon Crawl Stone Soup version bcrawl-1.37.2 (webtiles) character file.

Game seed: 18206921649521522902

295476 Mehrunes the Geomancer (level 13, 0/93 HPs)
             Began as an Octopode Earth Elementalist on Nov 16, 2022.
             Was the Champion of Cheibriados.
             Killed by divine providence
             ... invoked by a sphinx
              (11 damage)
             ... on level 4 of the Lair of Beasts.
             The game lasted 00:42:55 (24264 turns).

Mehrunes the Geomancer (OpEE)                      Turns: 24264, Time: 00:42:56

Health: 0/93       AC:  1    Str: 30    XL:     13   Next: 78%
Magic:  3/19       EV: 33    Int: 38    God:    Cheibriados [******]
Gold:   651        SH: 16    Dex: 42    Spells: 7/20 levels left

rFire    + . .     GDR:     45% L - +2 rapier (venom)
rCold    + . .     SeeInvis .   z - +0 buckler
rNeg     . . .     Gourm    .   J - +0 hat
rPois    .         Faith    .   Q - scarf {rC+ rF+}
rElec    .         Spirit   .   w - +5 amulet of reflection
rCorr    .         Reflect  +   g - ring of stealth
MR       .....     Clarity  +   m - +5 ring of dexterity
Stlth    +++++++++.             h - +5 ring of dexterity
HPRegen  0.25/turn              K - ring "Nap Hyih" {+Fly Int+3}
MPRegen  0.16/turn              M - +5 ring of dexterity
                                (no ring)
                                (no ring)
                                (no ring)

@: mighty, starving, very slow
A: almost no armour, stealthy swim, resist paralysis, amphibious, 8 rings,
constrict 8, camouflage 1, gelatinous body 1
a: Bend Time, Defer, Temporal Distortion, Step From Time, Renounce Religion,
Evoke Flight


You were on level 4 of the Lair of Beasts.
You worshipped Cheibriados.
Cheibriados was exalted by your worship.
You were starving.

You visited 3 branches of the dungeon, and saw 15 of its levels.

You collected 776 gold pieces.
You spent 125 gold pieces at shops.

Inventory:

Hand Weapons
 k - a +0 short sword of venom
 t - a -3 dagger
 L - a +2 rapier of venom (weapon)
Missiles
 b - 1932 stones (quivered)
 Z - 2 throwing nets {=f}
Armour
 z - a +0 buckler (worn)
 J - a +0 hat (worn)
 Q - a scarf of resistance (worn)
 X - a scarf of clouds
Jewellery
 g - a ring of stealth (left tentacle)
 h - a +5 ring of dexterity (on tentacle)
 m - a +5 ring of dexterity (right tentacle)
 v - the amulet of the Firefly {Acrobat rC+}
   (You found it on level 4 of the Dungeon)

   [amulet of the acrobat]

   It helps you evade while moving and waiting.
   It protects you from cold.
 w - a +5 amulet of reflection (around mantle)
 G - an uncursed amulet of the gourmand
 K - the ring "Nap Hyih" (on tentacle) {+Fly Int+3}
   (You bought it in a shop on level 7 of the Dungeon)

   [ring of flight]

   It affects your intelligence (+3).
   It lets you fly.
 M - a +5 ring of dexterity (on tentacle)
Wands
 D - a wand of flame (23)
 H - a wand of charming (35)
 N - a wand of digging (8)
 O - a wand of polymorph (13)
 W - a wand of clouds (5)
 Y - a wand of random effects (18)
Scrolls
 a - a scroll of enchant armour {unknown}
 f - 4 scrolls of remove curse
 i - a scroll of identify
 l - a scroll of fog {unknown}
 o - 2 scrolls of blinking {unknown}
 q - 3 scrolls of magic mapping {unknown}
 s - a scroll of fear {unknown}
 y - 4 scrolls of amnesia
 A - 3 scrolls of enchant weapon {unknown}
 S - a scroll of vulnerability {unknown}
 V - a scroll of immolation {unknown}
Potions
 x - a potion of ambrosia
 B - 2 potions of resistance
 E - 2 potions of brilliance
 F - a potion of invisibility
 R - a potion of lignification
 U - a potion of curing
Miscellaneous
 P - a lamp of fire
Comestibles
 e - 16 rations {!d}


   Skills:
 + Level 10.5 Fighting
 + Level 10.8 Dodging
 - Level 10.0 Stealth
 + Level 8.5 Shields
 - Level 1.0 Unarmed Combat
 - Level 4.0 Spellcasting
 - Level 3.0 Conjurations
 - Level 5.0 Transmutations
 + Level 12.8 Earth Magic


You had 7 spell levels left.
You knew the following spells:

 Your Spells              Type           Power        Failure   Level  Hunger
a - Sandblast             Erth           ######       1%          1    None
b - Stone Arrow           Conj/Erth      ######       1%          3    ###....
c - Petrify               Tmut/Erth      ######....   1%          4    #####..
d - Lee's Rapid Deconstr  Erth           #######...   1%          5    ######.

Your spell library contained the following spells:

 Spells                   Type           Power        Failure   Level  Hunger
 Magic Dart               Conj           ####         1%          1    None
 Passwall                 Tmut/Erth      ######..     1%          2    None
 Throw Frost              Conj/Ice       ###...       1%          2    None
 Searing Ray              Conj           ####....     2%          2    None
 Shock                    Conj/Air       ###....      4%          2    None
 Iskenderun's Mystic Bla  Conj           ####....     5%          3    ###....
 Freeze                   Ice            #.....       6%          1    None
 Necrotize                Necr           #.....       6%          1    None
 Static Discharge         Air            #.....       6%          1    None
 Swiftness                Chrm/Air       #.......     9%          2    None
 Mephitic Cloud           Conj/Pois/Air  ###.....     12%         3    ###....
 Ozocubu's Armour         Chrm/Ice       #.......     19%         3    ###....
 Vampiric Draining        Necr           #.........   19%         3    ###....
 Ice Form                 Ice/Tmut       ####....     22%         4    #####..
 Fulminant Prism          Conj/Hex       ###.......   32%         4    #####..
 Lightning Bolt           Conj/Air       ###.....     32%         4    #####..
 Throw Icicle             Conj/Ice       ###.....     32%         4    #####..
 Irradiate                Conj/Tmut      #####.....   32%         5    ######.
 Agony                    Necr           #.......     52%         4    #####..
 Animate Dead             Necr           N/A          52%         4    #####..
 Summon Ice Beast         Ice/Summ       #.......     52%         4    #####..
 Dispel Undead            Necr           #.......     86%         5    ######.


Dungeon Overview and Level Annotations

Branches:
Dungeon (10/12)            Temple (1/1) D:5            Lair (4/6) D:9
 Spider (0/3) Lair:3          Orc (0/1) D:8
  Swamp: Lair:2-4    Shoals: Lair:2-4     Snake: Lair:2-4

Altars:
Ashenzari
Cheibriados
Dithmenos
Elyvilon
Fedhas
Gozag
Hepliaklqana
Kikubaaqudgha
Lugonu
Makhleb
Nemelex Xobeh
Okawaru
Qazlal
Ru
Sif Muna
Trog
Uskayaw
Vehumet
Wu Jian
Xom
Yredelemnul
Zin
The Shining One

Shops:
D:4 :%*%   D:7 *%?}*   D:8 *

Annotations:
D:5 exclusion: wraith
D:6 1 exclusion
D:10 Snorg
Lair:2 3 runed translucent doors, Lerphehei's ghost, journeyman DsFi
Lair:3 exclusion: oklob plant
Lair:4 Nessos


Innate Abilities, Weirdness & Mutations

You cannot wear most types of armour.
You are very stealthy in the water. (Stealth+)
Your unusual nervous system resists paralysis.
You are amphibious.
You can wear up to eight rings at the same time.
You can use your tentacles to constrict eight enemies at once.
Your skin changes colour to match your surroundings (Stealth+).
Your rubbery body absorbs attacks. (AC +1, EV +1)


Message History

You stumble backwards!
You hit the elephant. Your squeeze misses the elephant.
The elephant is lightly wounded.
You kill the elephant!
Cheibriados appreciates the change of pace.
The elephant completely misses you. You block the elephant's attack. x3
Okay, then.
The elephant completely misses you. You block the elephant's attack.
The sphinx mumbles some strange words.
You struggle to resist.
The elephant barely misses you. The elephant completely misses you.
The elephant completely misses you. You block the elephant's attack. x2
The elephant trunk-slaps you but does no damage.
A dream sheep comes into view.
You impale the elephant!!
The elephant looks more poisoned.
The elephant is severely wounded.
You block the elephant's attack. x2
The sphinx mumbles some strange words.
Something smites you!
You die...

#.... ...... #....
##...## ..#
#.....#### ...#
.#####....##@#....#
.........YHYY.....#
........†...Y.....#
..................#
.......%..........P#
.
.....Y............##
.
................(.#
.
...................
.
..................#


You could see a sphinx, 3 elephants and 2 dream sheep.

Vanquished Creatures
  Gastronok (Lair:3)
  Urug (Lair:2)
  Harold (Lair:2)
  2 hydras
  2 two-headed ogres (D:9)
  A wolf spider (D:10)
  2 anaconda skeletons (Lair:4)
  An oklob plant (Lair:3)
  An elephant (Lair:4)
  7 cane toads
  2 rime drakes
  3 jumping spiders (Lair:3)
  5 komodo dragons
  An eye of draining (D:9)
  3 trolls (D:10)
  Maurice (D:9)
  A hornet (Lair:3)
  Prince Ribbit (D:7)
  18 blink frogs
  7 hippogriffs
  4 slime creatures (D:10)
  Grum (Lair:3)
  30 yaks
  A human (D:7)
  A wyvern (Lair:2)
  A basilisk (Lair:4)
  3 hogs (D:7)
  A hungry ghost (D:7)
  A redback (Lair:3)
  8 crocodiles
  4 water moccasins
  3 porcupines
  3 orc warriors
  A hornet zombie (D:7)
  2 phantoms
  6 ice beasts
  A soldier ant (D:9)
  3 black bears
  12 wolves
  8 ogres
  14 bullfrogs
  5 kobold brigands
  5 centaurs
  10 scorpions
  3 wights (D:6)
  2 howler monkeys
  6 orc priests
  2 electric eels (Lair:3)
  5 crimson imps
  2 quasits
  2 jellies
  5 iguanas
  6 orc wizards
  9 worker ants
  3 hound skeletons
  5 hound zombies
  A worker ant zombie (D:4)
  4 gnolls (D:8)
  14 adders
  4 shadow imps
  2 oozes
  2 adder skeletons
  A worm (D:3)
  3 leopard geckos
  40 orcs
  2 giant cockroaches
  4 goblins
  5 hobgoblins
  5 jackals
  2 quokkas (D:5)
  7 bats
  2 frilled lizards (D:1)
  A jackal skeleton (D:4)
  32 kobolds
  3 rats
  A fungus (Lair:3)
  6 plants (D:7)
380 creatures vanquished.

Vanquished Creatures (others)
  A human (D:5)
  60 fungi
  59 plants
120 creatures vanquished.

Grand Total: 500 creatures vanquished

Notes
Turn   | Place    | Note
-------+----------+-------------------------------------------
     0 | D:1      | Mehrunes the Octopode Earth Elementalist began the quest
                  | for the Orb.
     0 | D:1      | Reached XP level 1. HP: 11/11 MP: 3/3
   275 | D:1      | Reached XP level 2. HP: 17/17 MP: 1/5
  1041 | D:2      | Reached XP level 3. HP: 21/21 MP: 6/6
  1272 | D:2      | Found a sacrificial altar of Ru.
  1289 | D:2      | Found a hide-covered altar of Uskayaw.
  1291 | D:2      | Found a glowing silver altar of Zin.
  1740 | D:2      | Learned a level 3 spell: Stone Arrow
  2240 | D:3      | Found a glowing golden altar of the Shining One.
  2332 | D:3      | Found a basalt altar of Yredelemnul.
  2332 | D:3      | Found a shattered altar of Ashenzari.
  2402 | D:3      | Noticed an ogre
  2562 | D:3      | Found a shadowy altar of Dithmenos.
  2563 | D:3      | Found a shimmering blue altar of Sif Muna.
  2612 | D:3      | Reached XP level 4. HP: 27/27 MP: 6/8
  2696 | D:3      | Learned a level 4 spell: Petrify
  3187 | D:4      | Found Siast's Food Boutique.
  3252 | D:4      | Reached skill level 1 in Conjurations
  3252 | D:4      | Reached XP level 5. HP: 14/31 MP: 2/9
  3259 | D:4      | Got a warped ruby amulet
  3346 | D:4      | Identified the amulet of the Firefly {Acrobat rC+} (You
                  | found it on level 4 of the Dungeon)
  3452 | D:4      | Noticed an ogre
  3737 | D:3      | Killed an ogre
  3738 | D:3      | Reached skill level 5 in Stealth
  3738 | D:3      | Reached skill level 4 in Earth Magic
  3738 | D:3      | Reached XP level 6. HP: 36/36 MP: 7/11
  3760 | D:4      | Found Qonuman's Book Boutique.
  4093 | D:4      | Found Beisk's Assorted Antiques.
  4100 | D:4      | Found Ruucviv's Food Shoppe.
  4243 | D:4      | Reached XP level 7. HP: 25/41 MP: 1/13
  4896 | D:5      | Entered Level 5 of the Dungeon
  5337 | D:5      | Reached skill level 5 in Earth Magic
  5344 | D:5      | Found a staircase to the Ecumenical Temple.
  5404 | D:5      | Found an ancient bone altar of Kikubaaqudgha.
  5411 | Temple   | Entered the Ecumenical Temple
  5500 | Temple   | Became a worshipper of Cheibriados the Contemplative
  5508 | Temple   | Learned a level 5 spell: Lee's Rapid Deconstruction
  5712 | D:5      | Reached XP level 8. HP: 46/46 MP: 14/14
  6185 | D:5      | Noticed a wraith
  6550 | D:6      | Reached skill level 6 in Earth Magic
  7101 | D:5      | Found a staircase to the Ecumenical Temple.
  7106 | D:5      | Found an ancient bone altar of Kikubaaqudgha.
  7845 | D:6      | Reached skill level 7 in Earth Magic
  8413 | D:6      | Reached * piety under Cheibriados
  8587 | D:6      | Reached skill level 8 in Earth Magic
  8652 | D:6      | Reached XP level 9. HP: 39/51 MP: 4/15
  8819 | D:6      | Reached skill level 1 in Fighting
  9787 | D:7      | Found Vismek's Gadget Boutique.
  9796 | D:6      | Reached skill level 9 in Earth Magic
  9929 | D:7      | Found a stormy altar of Qazlal.
  9960 | D:7      | Reached ** piety under Cheibriados
 10174 | D:7      | Found Xazxez's Food Shoppe.
 10390 | D:7      | Found Pax Gide's Magic Scroll Shoppe.
 10419 | D:7      | Found Alomo's Assorted Antiques.
 10843 | D:7      | Found Yneogg's Assorted Antiques.
 10851 | D:7      | Reached XP level 10. HP: 56/63 MP: 1/16
 10912 | D:7      | Bought a transparent glass ring for 125 gold pieces
 10912 | D:7      | Identified the ring "Nap Hyih" {+Fly Int+3} (You bought it
                  | in a shop on level 7 of the Dungeon)
 11380 | D:7      | Reached skill level 5 in Dodging
 11501 | D:7      | Reached skill level 10 in Stealth
 11787 | D:8      | Noticed Prince Ribbit
 11789 | D:8      | Found a blossoming altar of Fedhas.
 11989 | D:7      | Found Vismek's Gadget Boutique.
 12068 | D:7      | Found a stormy altar of Qazlal.
 12099 | D:7      | Found Xazxez's Food Shoppe.
 12190 | D:7      | Found Yneogg's Assorted Antiques.
 12203 | D:7      | Killed Prince Ribbit
 12204 | D:7      | Reached skill level 5 in Fighting
 12300 | D:7      | Reached skill level 10 in Earth Magic
 12491 | D:8      | Reached *** piety under Cheibriados
 12815 | D:8      | Found Qeuqisk's Assorted Antiques.
 13332 | D:8      | Reached **** piety under Cheibriados
 13647 | D:8      | Found a staircase to the Orcish Mines.
 13731 | D:8      | Found a corrupted altar of Lugonu.
 13731 | D:8      | Found a hazy altar of Hepliaklqana.
 13938 | D:8      | Found a corrupted altar of Lugonu.
 13938 | D:8      | Found a hazy altar of Hepliaklqana.
 14028 | D:8      | Found a blossoming altar of Fedhas.
 14176 | D:8      | Found Qeuqisk's Assorted Antiques.
 14288 | D:8      | Found a staircase to the Orcish Mines.
 14421 | D:9      | Noticed a two-headed ogre
 14428 | D:9      | Noticed Maurice
 14970 | D:9      | Reached skill level 1 in Shields
 14977 | D:9      | Killed Maurice
 15179 | D:9      | Reached XP level 11. HP: 74/74 MP: 7/17
 15243 | D:9      | Found a staircase to the Lair.
 15263 | D:9      | Found a bloodstained altar of Trog.
 15272 | D:9      | Noticed a two-headed ogre
 15282 | D:9      | Killed a two-headed ogre
 15661 | D:9      | Reached ***** piety under Cheibriados
 15985 | D:9      | Killed a two-headed ogre
 16434 | D:9      | Reached skill level 5 in Transmutations
 16582 | D:10     | Entered Level 10 of the Dungeon
 16979 | D:10     | Noticed a wolf spider
 17154 | D:10     | Killed a wolf spider
 17156 | D:10     | Noticed Snorg
 17678 | D:10     | Reached skill level 11 in Earth Magic
 17817 | D:10     | Reached XP level 12. HP: 82/82 MP: 3/18
 18068 | Lair:1   | Entered Level 1 of the Lair of Beasts
 18083 | Lair:1   | Reached skill level 5 in Shields
 20187 | Lair:2   | Noticed a five-headed hydra
 20194 | Lair:2   | Killed a five-headed hydra
 20228 | Lair:2   | Reached ****** piety under Cheibriados
 20293 | Lair:2   | Noticed Urug
 20300 | Lair:2   | Found a runed translucent gate.
 20300 | Lair:2   | Noticed a ten-headed hydra
 20302 | Lair:2   | Killed Urug
 20303 | Lair:2   | Found a runed translucent gate.
 20303 | Lair:2   | Found a runed translucent gate.
 20303 | Lair:2   | Noticed Lerphehei's ghost (journeyman DsFi)
 20450 | Lair:2   | Noticed a ten-headed hydra
 20845 | Lair:2   | Noticed Harold
 20855 | Lair:2   | Killed Harold
 21254 | Lair:3   | Found a hole to the Spider Nest.
 21280 | Lair:3   | Reached skill level 12 in Earth Magic
 21380 | Lair:3   | Reached XP level 13. HP: 90/90 MP: 19/19
 21552 | Lair:3   | Noticed Gastronok
 21602 | Lair:3   | Reached skill level 10 in Dodging
 21698 | Lair:3   | Noticed Grum
 21707 | Lair:3   | Killed Grum
 22103 | Lair:3   | Reached skill level 10 in Fighting
 22875 | Lair:3   | Killed Gastronok
 23273 | Lair:3   | Found a hole to the Spider Nest.
 23924 | Lair:4   | Noticed Nessos
 24253 | Lair:4   | Noticed a sphinx
 24264 | Lair:4   | Killed from afar by a sphinx

Skill      XL: |  1  2  3  4  5  6  7  8  9 10 11 12 13 |
---------------+----------------------------------------+-----
Stealth        | 4 5 7 8 9 10 | 10.0
Spellcasting   | 3 4 |  4.0
Conjurations   | 1 2 3 |  3.0
Earth Magic    | 4 5 8 9 10 11 12 | 12.8
Transmutations | 2 3 5 |  5.0
Fighting       | 4 6 7 9 10 | 10.5
Dodging        | 4 6 8 9 10 | 10.8
Shields        | 1 4 7 8 |  8.5
Unarmed Combat | |  1.0

Action                   |  1- 3 |  4- 6 |  7- 9 | 10-12 | 13-15 || total
-------------------------+-------+-------+-------+-------+-------++-------
Melee: Dagger            |     2 |    18 |   113 |   127 |       ||   260
       Constrict         |     1 |     4 |    17 |    52 |    22 ||    96
       Tentacles         |       |     3 |    21 |   104 |    61 ||   189
       Punch             |       |       |     2 |     5 |     4 ||    11
       Rapier            |       |       |       |   108 |   117 ||   225
 Cast: Sandblast         |    45 |     4 |    16 |    24 |     4 ||    93
       Stone Arrow       |       |    22 |   104 |   167 |    14 ||   307
       Petrify           |       |     4 |     4 |    10 |    10 ||    28
       Lee's Rapid Decon |       |       |     2 |    25 |     6 ||    33
Evoke: Wand              |       |       |     2 |     1 |       ||     3
  Use: Scroll            |       |     3 |     4 |     7 |    10 ||    24
       Potion            |       |       |     5 |     2 |     3 ||    10
 Stab: Petrified         |       |     7 |     3 |    13 |     7 ||    30
       Sleeping          |       |     1 |     5 |     8 |     1 ||    15
       Petrifying        |       |       |     1 |     2 |     1 ||     4
       Distracted        |       |       |       |     1 |     2 ||     3
  Eat: Chunk             |     4 |     9 |    20 |    56 |    12 ||   101
       Ration            |       |     1 |     5 |     3 |     1 ||    10
Armor: Skin              |     1 |       |     7 |     2 |     2 ||    12
Dodge: Dodged            |    14 |    12 |   126 |   227 |   146 ||   525
Block: Other             |       |       |    13 |    14 |       ||    27
       Buckler           |       |       |       |   194 |   141 ||   335
       Reflection        |       |       |       |    19 |     2 ||    21
